AoeStats
← SeRpenZos

Hill Fort

506879582Analyzed
4v4 RM · 17d ago on Sep 15, 2026· 57m 11s· 8 players
Game mode
Random Map
Map size
Large (8 player)
Population
200
Speed
Normal
Resources
Standard
Victory
Conquest
Starting age
Dark Age
Ending age
Imperial Age
RankedLock teamsTeams togetherTeam positionsShared explorationLock speedFull tech treeHidden civsTurbo modeCheats
Victory
Defeat
🇨🇦 Malay · Canada
1611
+10
🇮🇩 Koreans · Indonesia
1519
+13
🇮🇩 Franks · Indonesia
1515
+13
🇮🇩 Mapuche · Indonesia
1512
+13
🇮🇹 Gurjaras · Italy
1519
-15
🇫🇷 Huns · France
1460
-12
🇦🇺 Teutons · Australia
1426
-11
🇪🇸 Bohemians · Spain
1415
-11
Wizo
10:36 Feudal Age
15:06 Castle Age
14:17 Fletching
14:41 Double-Bit Axe
16:55 Bow Saw
19:12 Padded Archer Armor
19:35 Loom
21:49 Wheelbarrow
21:42 Crossbowman
22:21 Bodkin Arrow
24:22 Leather Archer Armor
26:20 Horse Collar
27:41 Bloodlines
27:32 Husbandry
30:34 Ballistics
32:10 Thumb Ring
34:39 Imperial Age
32:35 Thumb Ring
34:16 Hand Cart
34:03 Heavy Plow
34:03 Town Watch
35:32 Bracer
36:42 Chemistry
36:36 Parthian Tactics
37:08 Heavy Cavalry Archer
38:57 Crossbowman
43:47 Two-Man Saw
42:38 Gold Mining
42:39 Stone Mining
43:47 Scale Barding Armor
43:52 Forging
43:47 Marauders
44:58 Chain Barding Armor
44:00 Elite Tarkan
45:01 Conscription
46:45 Iron Casting
46:51 Guilds
47:37 Plate Barding Armor
49:51 Light Cavalry
53:06 Hussar
55:53 Capped Ram
Radon Randell
7:01 Loom
9:53 Feudal Age
10:48 Double-Bit Axe
17:49 Fishing Lines
19:18 Scale Barding Armor
19:23 Forging
20:56 Horse Collar
23:48 Castle Age
22:35 Bloodlines
22:41 Gold Mining
23:33 Wheelbarrow
23:04 Town Watch
24:57 Chain Barding Armor
26:11 Fletching
26:51 Gillnets
28:38 Bodkin Arrow
29:34 Iron Casting
29:24 Medium Warships
36:31 Imperial Age
38:14 Plate Barding Armor
38:12 Masonry
39:25 Cavalier
40:24 Siege Engineers
42:25 Chemistry
47:19 Padded Archer Armor
48:16 Hoardings
52:40 Blast Furnace
Nogard
10:22 Feudal Age
11:18 Double-Bit Axe
14:32 Castle Age
12:41 Horse Collar
14:48 Loom
15:35 Bow Saw
21:22 Bloodlines
21:59 Wheelbarrow
22:09 Forging
23:11 Gold Mining
24:12 Scale Barding Armor
24:12 Husbandry
26:57 Iron Casting
27:54 Chain Barding Armor
30:34 Gold Shaft Mining
36:22 Hand Cart
39:36 Imperial Age
38:32 Kshatriyas
39:05 Stone Mining
40:12 Heavy Camel Rider
40:42 Fletching
41:29 Plate Barding Armor
41:47 Frontier Guards
45:19 Fletching
46:37 Conscription
46:14 Town Watch
46:49 Bodkin Arrow
48:28 Light Cavalry
49:11 Scale Mail Armor
50:15 Chain Mail Armor
50:11 Hussar
Garabatov
7:13 Loom
12:46 Feudal Age
16:42 Castle Age
14:32 Double-Bit Axe
14:31 Horse Collar
17:46 Wheelbarrow
19:00 Fletching
20:04 Bow Saw
19:55 Heavy Plow
23:28 Town Watch
26:29 Hand Cart
30:25 Bodkin Arrow
33:57 Imperial Age
32:15 Ballistics
34:05 Chemistry
33:16 Masonry
33:45 Wagenburg Tactics
33:47 Scale Mail Armor
35:04 Conscription
36:40 Two-Man Saw
37:47 Siege Engineers
38:13 Architecture
38:26 Elite Hussite Wagon
39:08 Pikeman
39:49 Squires
43:15 Halberdier
44:15 Chain Mail Armor
44:01 Bracer
46:23 Plate Mail Armor
46:03 Forging
55:28 Houfnice
JMDDN
8:26 Feudal Age
8:03 Double-Bit Axe
9:01 Horse Collar
17:05 Castle Age
16:37 Loom
17:05 Bow Saw
17:33 Wheelbarrow
17:36 Heavy Plow
20:41 Hand Cart
25:21 Treadmill Crane
29:03 Imperial Age
26:39 Fletching
26:42 Town Watch
27:18 Bodkin Arrow
28:29 Ballistics
28:20 Masonry
28:41 Thalassocracy
30:36 Bracer
31:28 Medium Warships
31:04 Demolition Ship
32:54 Careening
32:56 Clinker Construction
33:47 Chemistry
32:59 Careening
33:00 Clinker Construction
34:17 Conscription
34:04 Murder Holes
35:10 Heavy Warships
38:15 Shipwright
40:05 Carvel Hull
40:19 Elite Cannon Galleon
43:21 Forging
43:17 Scale Barding Armor
43:03 Stone Mining
45:49 Iron Casting
45:37 Dry Dock
45:22 Siphons
48:40 Blast Furnace
49:55 Light Cavalry
53:11 Caravan
55:46 Husbandry
SeRpenZos
7:53 Loom
10:02 Feudal Age
14:44 Castle Age
13:18 Double-Bit Axe
15:19 Fletching
15:31 Town Watch
17:19 Bodkin Arrow
23:25 Wheelbarrow
28:36 Horse Collar
38:28 Imperial Age
36:14 Hand Cart
37:08 Bow Saw
37:01 Heavy Plow
36:52 Gold Mining
37:28 Town Patrol
38:51 Stone Mining
39:37 Gold Shaft Mining
40:49 Gold Shaft Mining
40:49 Stone Shaft Mining
40:07 Onager
45:24 Caravan
46:19 Elite Skirmisher
49:48 Padded Archer Armor
52:01 Masonry
53:23 Hoardings
53:26 Architecture
53:24 Capped Ram
56:05 Malon
FuLongGamingYT
0:28 Loom
9:27 Feudal Age
15:37 Castle Age
13:58 Double-Bit Axe
17:26 Loom
18:13 Fletching
19:04 Horse Collar
25:45 Bow Saw
28:28 Wheelbarrow
28:09 Town Watch
29:56 Bodkin Arrow
32:18 Hand Cart
32:51 Ballistics
33:37 Gold Mining
33:38 Stone Mining
37:25 Imperial Age
36:30 Gold Shaft Mining
36:01 Treadmill Crane
36:33 Heavy Plow
36:58 Masonry
37:57 Stone Shaft Mining
39:30 Chemistry
40:05 Architecture
40:25 Bracer
40:38 Scale Mail Armor
41:33 Forging
41:33 Murder Holes
43:08 Chain Mail Armor
42:54 Arrowslits
44:39 Two-Man Saw
45:26 Plate Mail Armor
45:42 Iron Casting
46:21 Fortified Wall
46:23 Caravan
49:10 Squires
54:10 Elite Skirmisher
54:55 Thumb Ring
56:59 Scale Barding Armor
57:20 Husbandry
56:41 Light Cavalry
Embege
6:55 Loom
9:12 Feudal Age
10:06 Double-Bit Axe
12:31 Scale Barding Armor
20:58 Castle Age
18:56 Gold Mining
19:45 Wheelbarrow
20:39 Forging
21:49 Bow Saw
21:42 Husbandry
22:03 Chain Barding Armor
24:30 Iron Casting
25:04 Gold Shaft Mining
24:21 Stone Mining
30:07 Hand Cart
35:22 Caravan
35:52 Coinage
40:46 Imperial Age
40:15 Scale Mail Armor
41:03 Fortified Wall
41:13 Chain Mail Armor
40:21 Pikeman
41:02 Squires
41:02 Halberdier
42:44 Blast Furnace
41:40 Cavalier
41:46 Light Cavalry
43:15 Plate Mail Armor
42:33 Arson
44:23 Plate Barding Armor
48:35 Paladin
Connection lost

Rejoining the realm…

Still unreachable

The connection could not be restored.

Session expired

The server has moved on; the page needs a fresh start.